 Dungeon Crawl Stone Soup version 0.31-a0-325-g067879e3d3 (webtiles) character file.

Game seed: 11324151883098984330

124646 Grim the Severer (level 16, -7/172 HPs)
             Began as a Minotaur Berserker on July 18, 2023.
             Was the Champion of Trog.
             Mangled by a spriggan rider
             ... wielding a +0 spear
              (9 damage)
             ... on level 2 of the Swamp.
             The game lasted 00:58:35 (30774 turns).

Grim the Severer (Minotaur Berserker)              Turns: 30774, Time: 00:58:38

Health: -7/172     AC: 25    Str: 27    XL:     16   Next: 39%
Magic:  15/15      EV: 15    Int:  6    God:    Trog [******]
Gold:   464        SH:  0    Dex: 13    Spells: 15/15 levels left

rFire   . . .        Y - +11 executioner's axe of Plague {flame, rElec}
rCold   x . .        (shield currently unavailable)
rNeg    . . .        J - +4 chain mail {rPois}
rPois   +            (helmet restricted)
rElec   +            s - +0 cloak
rCorr   .            P - +1 pair of gloves
SInv    .            C - +2 pair of boots {rampage}
Will    +....        Z - amulet of Zeanan {Acrobat Dex+2}
Stlth   x              - +8 ring of slaying
HPRegen 0.48/turn    B - +4 ring of slaying
MPRegen 0.14/turn

%: acrobat, rampage
@: studying Polearms
A: horns 2, retaliatory headbutt, robust 1, screaming 1, cold vulnerability 1
a: Renounce Religion, Berserk, Trog's Hand, Brothers in Arms


You were on level 2 of the Swamp.
You worshipped Trog.
Trog was exalted by your worship.
You visited 4 branches of the dungeon, and saw 24 of its levels.
You also visited: Bailey.

You collected 3064 gold pieces.
You spent 2600 gold pieces at shops.

Inventory:

Hand Weapons
 Y - the +11 executioner's axe of Plague (weapon) {flame, rElec}
   (Trog gifted it to you on level 1 of the Orcish Mines)

   rElec:     It insulates you from electricity.
Missiles
 m - 4 atropa-tipped darts
 o - 13 curare-tipped darts
 O - 2 throwing nets
 Q - 15 boomerangs (quivered)
 S - 27 poisoned darts
Armour
 s - a +0 cloak (worn)
 C - a +2 pair of boots of rampaging (worn)
 I - a +0 crystal plate armour
 J - a +4 chain mail of poison resistance (worn)
 P - a +1 pair of gloves (worn)
Jewellery
 d - a ring of protection from fire
 x - a +8 ring of slaying (left hand)
 B - a +4 ring of slaying (right hand)
 T - a ring of protection from cold
 U - a ring of see invisible
 V - the ring "Cecostras" {+Blink rPois rC+ Str+6 Int+3}
   (You found it on level 13 of the Dungeon)

   [ring of strength]

   Str:       It affects your strength (+6).
   Int:       It affects your intelligence (+3).
   rC:        It protects you from cold.
   rPois:     It protects you from poison.
   +Blink:    It lets you blink.
 Z - the amulet of Zeanan (around neck) {Acrobat Dex+2}
   (You found it on level 2 of the Lair of Beasts)

   [amulet of the acrobat]

   It increases your evasion while moving and waiting.
   Dex:       It affects your dexterity (+2).
Wands
 a - a wand of iceblast (27)
 k - a wand of flame (36)
 u - a wand of charming (18)
 F - a wand of polymorph (15)
 G - a wand of light (5)
 L - a wand of mindburst (6)
Scrolls
 c - 2 scrolls of torment
 g - 6 scrolls of noise
 h - 5 scrolls of enchant weapon {unknown}
 j - 9 scrolls of teleportation
 l - 7 scrolls of poison
 n - a scroll of brand weapon
 p - 5 scrolls of enchant armour
 q - 4 scrolls of immolation {unknown}
 v - a scroll of butterflies
 y - 3 scrolls of vulnerability
 z - a scroll of silence
 D - 6 scrolls of amnesia {unknown}
 E - 8 scrolls of fog
 H - 4 scrolls of revelation {unknown}
 K - 3 scrolls of fear {unknown}
 X - 2 scrolls of blinking {unknown}
Potions
 b - a potion of lignification
 e - 4 potions of haste
 f - a potion of berserk rage {unknown}
 i - 12 potions of curing
 r - 3 potions of might
 t - 3 potions of invisibility
 w - 4 potions of enlightenment
 A - 2 potions of resistance {unknown}
 M - a potion of magic {unknown}
 N - 3 potions of cancellation
 R - 2 potions of attraction
 W - a potion of heal wounds {unknown}


   Skills:
 - Level 17.7 Fighting
 - Level 20.0 Axes
 - Level 13.6 Throwing
 + Level 15.5 Armour
 + Level 13.1 Dodging


You had 15 spell levels left.
You didn't know any spells.
Your spell library was empty.

Dungeon Overview and Level Annotations

Branches:
Dungeon (15/15)            Temple (0/1) D:7            Lair (5/5) D:10
  Swamp (2/4) Lair:3       Spider (0/4) Lair:3        Slime (0/5) Lair:4
    Orc (2/2) D:10            Elf (0/3) Orc:2        Vaults (0/5) D:13
 Depths (0/4) D:15         Bailey (visited)

Altars:
Cheibriados
Kikubaaqudgha
Makhleb
Sif Muna
Trog
Vehumet
Xom
Yredelemnul
Jiyva

Shops:
D:7 =[   D:12 *   Orc:2 [::*[

Annotations:
D:13 2 transporters, Giwudid's ghost, journeyman DsGl


Innate Abilities, Weirdness & Mutations

You have a pair of horns on your head.
You reflexively headbutt those who attack you in melee.
You are robust. (+10% HP)
You occasionally shout uncontrollably at your foes.
You are vulnerable to cold. (rC-)


Message History

* * * LOW HITPOINT WARNING * * *
The tyrant leech draws strength from your injuries!
A spriggan rider comes into view. It is wielding a +0 spear.
You slash the tyrant leech! You burn the tyrant leech!
You headbutt the tyrant leech!!
The tyrant leech is severely wounded.
A swamp worm comes into view.
The tyrant leech bites you!
* * * LOW HITPOINT WARNING * * *
The tyrant leech draws strength from your injuries!
You closely miss the tyrant leech.
The tyrant leech is heavily wounded.
Unknown command.
As you read the scroll of teleportation, it crumbles to dust.
You feel strangely unstable.
The swamp worm fires a harpoon shot at you.
The harpoon shot hits you!
* * * LOW HITPOINT WARNING * * *
You are yanked forward by the harpoon shot.
A spriggan rider and a swamp worm come into view.
The spriggan rider is wielding a +0 spear and quivering curare-tipped darts.
The spriggan rider hits you with a +0 spear!
* * * LOW HITPOINT WARNING * * *
The tyrant leech misses you.
Unknown command.
The swamp worm fires a harpoon shot at you.
The harpoon shot misses you.
The spriggan rider hits you but does no damage.
The tyrant leech bites you!
* * * LOW HITPOINT WARNING * * *
The tyrant leech draws strength from your injuries!
Unknown command.
It was a potion of cancellation.
You feel strangely stable.
Your magical effects are unravelling.
You feel magically purged.
The sentinel's mark upon you fades away.
A spriggan rider comes into view. It is wielding a +0 spear.
The spriggan rider hits you from afar with a +0 spear!
You die...

...♣♣.~~~.~~~♣♣○~~.~~~~~
...♣~.~~~♣♣♣♣♣♣°.§....~~
.....♣..♣♣ ♣♣.~~~~...
......♣.♣♣♣♣♣♣ ♣~.~~~~~~
#.###...~....♣♣♣♣.~~~~~~
##..~..~~.♣♣♣♣>..~♣♣
.÷....#))~~~~~♣♣...~...♣
..#...#.)♣...♣♣~~..§....
##..#@.♣......§♣..~~~.
.. #ww♣ ...~~~.~~~~~~
... #.ii.~§i~~~.♣♣~~~~
... ..~.~.~.~~~.~...~§
...~§♣....~§..♣♣.~~
w.♣.♣♣♣♣♣♣♣ .♣♣ ♣~..
..♣♣♣♣ .... .♣. ..~


You could see a tyrant leech, 2 spriggan riders and a swamp worm.

Vanquished Creatures
  Frances (D:12)
  A bunyip (Swamp:1)
  The ghost of AdnanSaban the Basher, a journeyman GrFi of Okawaru (Lair:1)
  A shambling mangrove (Swamp:1)
  2 catoblepae
  Erolcha (D:9)
  A vault guard (D:13)
  5 hydras
  A ghost crab (Swamp:2)
  4 centaur warriors
  An ogre mage (Orc:1)
  A two-headed ogre (D:10)
  An alligator (Swamp:1)
  4 boulder beetles
  2 tengu warriors (D:13)
  9 death yaks
  Amaemon (Lair:2)
  7 skeletal warriors (D:15)
  3 skysharks (Lair:5)
  3 goliath frogs
  2 bog bodies
  A spriggan druid (Swamp:2)
  A swamp dragon (Swamp:1)
  A necromancer (D:15)
  2 wizards
  A swamp dragon (shapeshifter) (D:13)
  6 deep elf pyromancers
  3 orc knights
  2 deep elf zephyrmancers
  A lindwurm (Lair:2)
  24 ugly things
  3 orc sorcerers
  Pikel (D:4)
  7 manticores
  3 cyclopes
  23 elephants
  A black mamba (shapeshifter) (D:15)
  Maurice (D:9)
  2 centaur zombies (D:15)
  A naga mage (D:15)
  A gargoyle (D:11)
  15 cane toads
  A torpor snail (Lair:3)
  5 black mambas
  Joseph (D:10)
  An orange demon (Lair:2)
  A centaur skeleton (D:15)
  An unseen horror (D:13)
  2 kobold demonologists (D:8)
  6 komodo dragons
  A tengu conjurer (D:14)
  3 rime drakes
  2 freezing wraiths
  6 polar bears
  6 trolls
  15 hornets
  A meliai (D:13)
  A tyrant leech (Swamp:1)
  Grinder (D:4)
  13 blink frogs
  9 dream sheep
  12 slime creatures
  Prince Ribbit (D:6)
  A centaur simulacrum (D:13)
  3 jumping spiders (Lair:3)
  2 shadows
  A culicivora (Lair:3)
  7 wraiths
  9 wyverns
  50 yaks
  22 spriggans
  Eustachio (D:6)
  4 basilisks
  A vampire (D:13)
  5 humans (D:7)
  6 steam dragons
  14 vampire mosquitoes
  3 redbacks (Lair:3)
  Menkaure (D:6)
  6 swamp worms
  4 wargs
  10 water moccasins
  6 acid dragons
  2 swamp drakes
  8 black bears
  44 orc warriors
  An ice beast (D:8)
  A sky beast (D:6)
  16 ogres
  22 wolves
  4 boggarts (Lair:5)
  26 centaurs
  6 kobold brigands
  12 bullfrogs
  2 scorpions (D:6)
  8 gnoll sergeants
  15 wights
  18 killer bees
  An electric eel (Lair:5)
  A vampire bat (D:7)
  6 howler monkeys
  2 hounds
  11 jellies
  A gnoll bouda (D:6)
  3 orc priests
  Crazy Yiuf (D:5)
  A sleepcap (D:5)
  3 iguanas
  Ijyb (D:3)
  10 orc wizards
  13 hell rats
  Robin (D:2)
  26 gnolls
  5 adders
  A shadow imp (D:5)
  3 white imps
  2 ufetubi
  2 worms
  61 orcs
  10 endoplasms
  4 giant cockroaches
  17 goblins
  10 hobgoblins
  7 jackals
  5 quokkas
  10 ball pythons
  14 bats
  2 frilled lizards
  12 kobolds
  4 rats
832 creatures vanquished.

Vanquished Creatures (collateral kills)
  A centaur warrior (D:13)
  An orc knight (Bailey)
2 creatures vanquished.

Vanquished Creatures (others)
  2 jellies (Lair:4)
2 creatures vanquished.

Grand Total: 836 creatures vanquished

Notes
Turn   | Place    | Note
-------+----------+-------------------------------------------
     0 | D:1      | Grim the Minotaur Berserker began the quest for the Orb.
     0 | D:1      | Reached XP level 1. HP: 19/19 MP: 0/0
   215 | D:1      | Reached skill level 4 in Axes
   504 | D:1      | Reached XP level 2. HP: 26/26 MP: 1/1
   648 | D:1      | Reached ** piety under Trog
   871 | D:2      | Noticed Robin
   880 | D:2      | Reached skill level 5 in Axes
   882 | D:2      | Killed Robin
   883 | D:2      | Reached XP level 3. HP: 31/31 MP: 2/2
  1032 | D:2      | Found a faded altar of an unknown god.
  1564 | D:2      | Reached XP level 4. HP: 33/39 MP: 3/3
  1632 | D:2      | Reached skill level 6 in Axes
  2035 | D:3      | Found a basalt altar of Yredelemnul.
  2433 | D:3      | Noticed Ijyb
  2438 | D:3      | Killed Ijyb
  2582 | D:4      | Noticed a lemure
  2584 | D:4      | Noticed Pikel
  2585 | D:4      | Noticed a lemure
  2586 | D:4      | Noticed a lemure
  2592 | D:4      | Killed Pikel
  2593 | D:4      | Reached skill level 9 in Axes
  2593 | D:4      | Reached XP level 5. HP: 45/45 MP: 4/4
  2593 | D:4      | Reached XP level 6. HP: 51/51 MP: 5/5
  2593 | D:4      | Reached XP level 7. HP: 57/57 MP: 6/6
  2633 | D:4      | Reached *** piety under Trog
  2803 | D:4      | Reached skill level 10 in Axes
  2885 | D:4      | Noticed Grinder
  2885 | D:4      | Paralysed by Grinder for 3 turns
  2901 | D:4      | Killed Grinder
  2902 | D:4      | Reached skill level 5 in Fighting
  3537 | D:5      | Entered Level 5 of the Dungeon
  3784 | D:5      | Reached XP level 8. HP: 63/70 MP: 7/7
  3844 | D:5      | Found a shimmering blue altar of Sif Muna.
  4044 | D:5      | Found a runed translucent door.
  4045 | D:5      | Noticed Crazy Yiuf
  4111 | D:5      | Reached skill level 11 in Axes
  5226 | D:5      | Killed Crazy Yiuf
  5507 | D:6      | Noticed Menkaure
  5513 | D:6      | Killed Menkaure
  5956 | D:6      | Found a radiant altar of Vehumet.
  5957 | D:6      | Noticed Eustachio
  6007 | D:6      | Killed Eustachio
  6179 | D:6      | Noticed Prince Ribbit
  6184 | D:6      | Killed Prince Ribbit
  6185 | D:6      | Reached XP level 9. HP: 71/84 MP: 8/8
  6189 | D:6      | Reached **** piety under Trog
  6759 | D:7      | Found Tipiweac's One-of-a-Kind Rings.
  6764 | D:7      | Reached skill level 12 in Axes
  6810 | D:7      | Reached skill level 10 in Fighting
  6838 | D:7      | Found a staircase to the Ecumenical Temple.
  6849 | D:7      | Found a flagged portal.
  6858 | Bailey   | Entered a bailey
  7100 | Bailey   | Reached skill level 5 in Armour
  7100 | Bailey   | Noticed an orc knight
  7111 | Bailey   | Killed an orc knight
  7112 | Bailey   | Reached skill level 13 in Axes
  7112 | Bailey   | Reached XP level 10. HP: 35/95 MP: 9/9
  7355 | Bailey   | Found a large runed translucent door.
  7355 | Bailey   | Found a large runed translucent door.
  7356 | Bailey   | Noticed a deep elf pyromancer
  7448 | Bailey   | Killed a deep elf pyromancer
  8114 | D:7      | Found Fueff's Antique Armour Shoppe.
  8167 | D:7      | Found an ancient bone altar of Kikubaaqudgha.
  8365 | D:8      | Noticed a red ugly thing
  8544 | D:8      | Reached skill level 14 in Axes
  8819 | D:8      | Found a large runed translucent door.
  8819 | D:8      | Found a large runed translucent door.
  8864 | D:8      | Found a shimmering altar of Xom.
  9258 | D:8      | Reached skill level 10 in Armour
  9501 | D:8      | Identified the +5 dagger of Ileof {chaos, rPois rF+ Dex-3}
  9501 | D:8      | Identified the +1 robe of a wizard's laboratory {Int+3}
  9513 | D:8      | Killed a red ugly thing
  9518 | D:8      | Reached XP level 11. HP: 102/102 MP: 10/10
  9851 | D:9      | Found a snail-covered altar of Cheibriados.
  9951 | D:9      | Reached ***** piety under Trog
 10067 | D:9      | Found a burning altar of Makhleb.
 10067 | D:9      | Noticed Maurice
 10077 | D:9      | Killed Maurice
 10260 | D:9      | Noticed Erolcha
 10275 | D:9      | Killed Erolcha
 10537 | D:10     | Entered Level 10 of the Dungeon
 10731 | D:10     | Reached skill level 15 in Axes
 10745 | D:10     | Noticed a two-headed ogre
 10759 | D:10     | Killed a two-headed ogre
 10760 | D:10     | Reached skill level 5 in Dodging
 11351 | D:10     | Found a staircase to the Orcish Mines.
 11563 | D:10     | Found a staircase to the Lair.
 11564 | D:10     | Noticed a death yak
 11577 | D:10     | Killed a death yak
 11579 | D:10     | Reached XP level 12. HP: 70/110 MP: 11/11
 11622 | D:10     | Noticed Joseph
 11633 | D:10     | Killed Joseph
 12306 | D:11     | Reached skill level 16 in Axes
 12994 | D:11     | Received a gift from Trog
 13493 | D:12     | Identified the +4 great sword "Litsap" {freeze, Str+2
                  | Int+3}
 13503 | D:12     | Noticed Frances
 13512 | D:12     | Noticed a boulder beetle
 13514 | D:12     | Killed Frances
 13515 | D:12     | Reached skill level 10 in Dodging
 13529 | D:12     | Killed a boulder beetle
 13991 | D:12     | Noticed a boulder beetle
 14029 | D:12     | Killed a boulder beetle
 14030 | D:12     | Reached skill level 17 in Axes
 14412 | D:12     | Found Hyhaf's Assorted Antiques.
 14875 | D:13     | Found a transporter.
 14879 | D:13     | Noticed a tengu warrior
 14880 | D:13     | Found a bloodstained altar of Trog.
 14880 | D:13     | Noticed a two-headed ogre
 14880 | D:13     | Noticed an ettin
 14880 | D:13     | Noticed a tengu warrior
 14884 | D:13     | Noticed a two-headed ogre
 14889 | D:13     | Found a transporter.
 14917 | D:13     | Noticed a tengu warrior
 14924 | D:13     | Killed a tengu warrior
 15023 | D:13     | Reached XP level 13. HP: 107/116 MP: 12/12
 15094 | D:13     | Reached skill level 1 in Throwing
 15169 | D:13     | Identified the ring "Cecostras" {+Blink rPois rC+ Str+6
                  | Int+3}
 15184 | D:13     | Reached skill level 5 in Throwing
 15212 | D:13     | Found a gate to the Vaults.
 16563 | D:13     | Noticed Giwudid's ghost (journeyman DsGl)
 16645 | D:14     | Reached skill level 18 in Axes
 17230 | D:13     | Reached skill level 10 in Throwing
 17235 | D:13     | Received a gift from Trog
 17239 | D:13     | Identified a scroll of acquirement
 18390 | D:14     | Reached XP level 14. HP: 83/124 MP: 13/13
 18598 | D:15     | Entered Level 15 of the Dungeon
 18643 | D:15     | Acquired 676 gold pieces
 19195 | D:15     | Reached skill level 19 in Axes
 19937 | D:15     | Found a staircase to the Depths.
 20148 | Lair:1   | Entered Level 1 of the Lair of Beasts
 20343 | Lair:1   | Found a runed translucent gate.
 20343 | Lair:1   | Found a runed translucent gate.
 20343 | Lair:1   | Found a runed translucent gate.
 20343 | Lair:1   | Noticed AdnanSaban's ghost (journeyman GrFi)
 20433 | Lair:1   | You fall into a shaft and drop 1 floor!
 20514 | Lair:2   | Received a gift from Trog
 20887 | Lair:2   | Found a runed translucent door.
 21143 | Lair:2   | Noticed Amaemon
 21157 | Lair:2   | Killed Amaemon
 21179 | Lair:2   | Identified the amulet of Zeanan {Acrobat Dex+2}
 21664 | Lair:2   | Identified the +0 orcbow "Ifruholi" {antimagic, rC- Str+2
                  | SInv Stlth+}
 22521 | Lair:1   | Gained mutation: You are strong-willed. (Will+) [potion of
                  | mutation]
 22682 | Lair:1   | Killed AdnanSaban's ghost
 22849 | Lair:3   | Reached skill level 20 in Axes
 22917 | Lair:3   | Found a hole to the Spider Nest.
 23036 | Lair:3   | Reached XP level 15. HP: 136/136 MP: 4/14
 23576 | Lair:3   | Received a gift from Trog
 24187 | Lair:3   | Found a staircase to the Swamp.
 24607 | Lair:4   | Identified the +5 falchion of Destiny {heavy, rPois rN++
                  | Will+ Int-2}
 24828 | Lair:4   | Found a transporter.
 24829 | Lair:4   | Found a transporter.
 24888 | Lair:4   | Found a staircase to the Slime Pits.
 24892 | Lair:4   | Found a viscous altar of Jiyva.
 24978 | Lair:4   | Reached skill level 15 in Fighting
 25677 | Lair:5   | Entered Level 5 of the Lair of Beasts
 25749 | Lair:5   | Reached ****** piety under Trog
 26409 | Lair:5   | Received a gift from Trog
 27875 | Orc:1    | Entered Level 1 of the Orcish Mines
 27890 | Orc:1    | Identified the +11 executioner's axe of Plague {flame,
                  | rElec} (Trog gifted it to you on level 1 of the Orcish
                  | Mines)
 27890 | Orc:1    | Received a gift from Trog
 28143 | Orc:1    | Reached XP level 16. HP: 155/155 MP: 15/15
 28352 | Orc:2    | Entered Level 2 of the Orcish Mines
 28382 | Orc:2    | Found a staircase to the Elven Halls.
 28502 | Orc:2    | Found Yptaoro's Antique Armour Boutique.
 28581 | Orc:2    | Found Kefas's Book Shop.
 28581 | Orc:2    | Found Qibut's Book Emporium.
 28613 | Orc:2    | Found Goim's Assorted Antiques.
 28748 | Orc:2    | Found Zethostre's Antique Armour Shoppe.
 28903 | Orc:2    | Found a frozen archway.
 29544 | D:7      | Bought a +8 ring of slaying for 2600 gold pieces
 29700 | Swamp:1  | Entered Level 1 of the Swamp
 29724 | Swamp:1  | Identified the +0 robe "Dices" {Contam rElec rC+++ rCorr}
 30097 | Swamp:1  | Reached skill level 15 in Armour
 30351 | Swamp:1  | Lost mutation: You are strong-willed. (Will+) [potion of
                  | mutation]
 30351 | Swamp:1  | Gained mutation: Your body sometimes deteriorates upon
                  | taking damage. [potion of mutation]
 30351 | Swamp:1  | Gained mutation: You are strong-willed. (Will+) [potion of
                  | mutation]
 30352 | Swamp:1  | Lost mutation: You are strong-willed. (Will+) [potion of
                  | mutation]
 30352 | Swamp:1  | Lost mutation: Your body sometimes deteriorates upon taking
                  | damage. [potion of mutation]
 30352 | Swamp:1  | Gained mutation: You are dopey. (Int -2) [potion of
                  | mutation]
 30352 | Swamp:1  | Gained mutation: You are agile. (Dex +4, Str/Int -1)
                  | [potion of mutation]
 30353 | Swamp:1  | Lost mutation: You are dopey. (Int -2) [potion of mutation]
 30353 | Swamp:1  | Lost mutation: You are agile. (Dex +4, Str/Int -1) [potion
                  | of mutation]
 30353 | Swamp:1  | Gained mutation: You are robust. (+10% HP) [potion of
                  | mutation]
 30353 | Swamp:1  | Gained mutation: You occasionally shout uncontrollably at
                  | your foes. [potion of mutation]
 30353 | Swamp:1  | Gained mutation: You are vulnerable to cold. (rC-) [potion
                  | of mutation]
 30623 | Swamp:2  | Received a gift from Trog
 30773 | Swamp:2  | HP: 2/172 [tyrant leech (13)]
 30774 | Swamp:2  | Mangled by a spriggan rider

Illustrated notes

Levels and vault maps discovered:
D:1:      dpeg_chamrin_arrival_tetris, layout_loops_ring,
          minmay_misc_feat_enclosed
D:2:      layout_basic, ebering_ecumenical_altar_rust, uniq_robin
D:3:      layout_basic, yredelemnul_altar_generic,
          minmay_misc_feat_four_crosses, uniq_ijyb
D:4:      layout_basic, mrwooster_statue_mirror, kennysheep_generic_room_16,
          uniq_pikel, uniq_grinder
D:5:      layout_layer_cave, old_standard_altar, minmay_ogre_servants,
          uniq_crazy_yiuf_cottage
D:6:      layout_loops_corners, mainiacjoe_overflow_paths, uniq_menkaure,
          uniq_prince_ribbit1, uniq_eustachio
D:7:      layout_rooms, old_standard_altar, minmay_temple_entry_junction,
          serial_shops, shop, enter_bailey_2, roderic_batcave,
          nicolae_shop_unique_rings, minmay_crystal_water, minmay_ruffians
D:8:      due_chaos_kobolds, layout_layer_cave
D:9:      layout_roguey, mainiacjoe_overflow_chevrons, lightli_temple_of_fire,
          uniq_maurice, uniq_erolcha
D:10:     layout_loops_ring, david_lair_generic,
          kennysheep_orc_monster_closet_entryway, hangedman_corner_corridor,
          uniq_joseph
D:11:     layout_basic, small_statue_alley_a, nicolae_benzene_ring,
          bh_hangedman_babel_library
D:12:     layout_loops_ring, serial_shops, shop, minmay_librarian, uniq_frances
D:13:     minmay_the_grid_net [minmay_the_grid_broken_lines,
          minmay_the_grid_minigrid_large, minmay_the_grid_gridbox,
          minmay_the_grid_tri_star, minmay_the_grid_empty,
          minmay_the_grid_prize_trominoes], layout_basic, david_vaults_5,
          gammafunk_ghost_wrathful_warriors, gauntlet_entry_generic
D:14:     layout_layer_cave, bh_walls_and_bars
D:15:     grunt_enter_depths_magical_seal, layout_loops_ring,
          chequers_serial_rivers_micro_b
Lair:1:   layout_cave_pods, gammafunk_ghost_hydra_chop, fungi_pond_lemuel
Lair:2:   gammafunk_lair_enchanted_lake, layout_cave_pods, uniq_amaemon
Lair:3:   layout_cave_shapes, swamp_mist_pool, nicolae_spider_entry_tight_spaces
Lair:4:   gammafunk_boulding_lane, layout_cave_pods,
          minmay_slime_entry_jelly_boxes, beast_lair_carwin_10
Lair:5:   minmay_lair_end_enchanted_forest, layout_gridlike, serial_bayou_lake_a
Swamp:1:  layout_basic_swamp, hangedman_swamp_ruin_wall, hangedman_swamp_cone,
          infiniplex_staircase_pool_2
Swamp:2:  nicolae_swamp_standing_stones, layout_basic_swamp,
          gammafunk_ghost_necromancy, serial_swamp_ruin,
          evilmike_swamp_ruin_house_3, evilmike_swamp_ruin_house_5,
          beargit_elvish_explorers, uniq_mlioglotl
Orc:1:    layout_caves, mines4_lemuel
Orc:2:    st_orc_rangers, layout_caves, portal_ice_cave_entry_pillars_2,
          serial_shops, shop, lemuel_statue_altar

Skill      XL: |  1  2  3  4  5  6  7  8  9 10 11 12 13 14 15 16 |
---------------+-------------------------------------------------+-----
Axes           | 4 5 9 10 11 13 14 15 17 18 20 | 20.0
Fighting       | 6 9 11 13 17 | 17.7
Armour         | 6 10 12 14 15 | 15.5
Dodging        | 7 12 13 | 13.1
Throwing       | 12 13 | 13.6

Action                     |  1- 3 |  4- 6 |  7- 9 | 10-12 | 13-15 | 16-18 || total
---------------------------+-------+-------+-------+-------+-------+-------++-------
  Melee: Hand axe          |    76 |       |       |       |       |       ||    76
         Headbutt          |     7 |     3 |    37 |   114 |   211 |    25 ||   397
         Punch             |     2 |       |     4 |     5 |       |       ||    11
         War axe           |    11 |    39 |   250 |   230 |       |       ||   530
         Battleaxe         |       |       |       |   326 |   987 |       ||  1313
         Executioner's axe |       |       |       |       |     6 |   142 ||   148
  Throw: Boomerang         |       |       |       |     3 |    10 |     8 ||    21
 Invoke: Berserk           |     1 |     1 |     5 |     7 |     5 |       ||    19
         Trog's Hand       |       |       |     4 |     6 |     2 |       ||    12
         Brothers in Arms  |       |       |     1 |       |     2 |       ||     3
Ability: Evoke Blink       |       |       |       |       |     1 |       ||     1
  Evoke: Wand              |       |       |       |       |     2 |       ||     2
    Use: Scroll            |       |       |       |    10 |    11 |     4 ||    25
         Potion            |       |       |       |       |     1 |     4 ||     5
   Stab: Petrifying        |       |       |       |       |     2 |       ||     2
         Petrified         |       |       |       |       |     1 |       ||     1
         Distracted        |       |       |       |       |       |     1 ||     1
 Armour: Animal skin       |    15 |     4 |     6 |       |       |       ||    25
         Chain mail        |       |       |    67 |   251 |   452 |    56 ||   826
  Dodge: Dodged            |    40 |    15 |   123 |   226 |   625 |   173 ||  1202
  Block: Other             |    17 |    17 |    52 |   106 |    81 |       ||   273
         Reflection        |       |       |     1 |     6 |     7 |       ||    14

Table legend: (Time is in decaauts)
 A = Elapsed time spent in this place.
 B = Non-inter-level travel time spent in this place.
 C = Inter-level travel time spent in this place.
 D = Time resting spent in this place.
 E = Time spent auto-exploring this place.
 F = Levels seen in this place.
 G = Mean time per level.
                   A        B        C        D        E       F      G
               +--------+--------+--------+--------+--------+-----+--------+
         Total |  30758 |  29574 |   1184 |   7418 |  17662 |  25 | 1230.3 |
       Dungeon |  19662 |  18935 |    727 |   4617 |  11572 |  15 | 1310.8 |
          Lair |   7702 |   7403 |    299 |   2054 |   4355 |   5 | 1540.4 |
         Swamp |   1120 |   1104 |     16 |    300 |    630 |   2 |  560.0 |
  Orcish Mines |   1549 |   1409 |    140 |     69 |    919 |   2 |  774.5 |
        Bailey |    722 |    722 |      0 |    377 |    185 |   1 |  722.0 |
               +--------+--------+--------+--------+--------+-----+--------+

Top non-repeatable levels by time:
    D:13: 2133 daAuts
  Lair:5: 2062 daAuts
     D:5: 1896 daAuts
  Lair:3: 1794 daAuts
    D:14: 1672 daAuts
    D:11: 1611 daAuts
    D:10: 1466 daAuts
    D:15: 1436 daAuts
  Lair:1: 1382 daAuts
     D:8: 1364 daAuts
  Lair:2: 1359 daAuts
     D:6: 1346 daAuts
    D:12: 1341 daAuts
     D:2: 1118 daAuts
  Lair:4: 1103 daAuts
